 Dungeon Crawl Stone Soup version 0.28.0-43-g3370ac3207 (webtiles) character file.

Game seed: 6413206933813006625

378 funkygono the Cudgeller (level 6, 0/38 HPs)
             Began as a Gargoyle Fighter on Mar 7, 2022.
             Slain by a killer bee (6 damage)
             ... on level 5 of the Dungeon.
             The game lasted 00:06:14 (3273 turns).

funkygono the Cudgeller (Gargoyle Fighter)          Turns: 3273, Time: 00:06:15

Health: 0/38       AC: 17    Str: 22    XL:     6   Next: 74%
Magic:  6/6        EV:  6    Int:  8    God:
Gold:   113        SH:  4    Dex:  9    Spells: 5/5 levels left

rFire   . . .      SeeInvis .   a - +1 flail (vamp)
rCold   . . .      Faith    .   c - +0 buckler
rNeg    + + +      Spirit   .   s - +0 plate armour
rPois   ∞          Reflect  .   e - +0 helmet "Mumoih" {rElec rN++}
rElec   +          Harm     .   (no cloak)
rCorr   .          Rampage  .   (no gloves)
Will    .....                   (no boots)
Stlth   ..........              (no amulet)
HPRegen 0.12/turn               (no ring)
MPRegen 0.10/turn               (no ring)

@: no status effects
A: sickness immunity, AC +4, negative energy resistance 1, electricity
resistance, torment resistance 1, petrification resistance
a: no special abilities


You were on level 5 of the Dungeon.
You visited 1 branch of the dungeon, and saw 5 of its levels.

You collected 113 gold pieces.

Inventory:

Hand Weapons
 a - a +1 vampiric flail (weapon)
 p - a +0 whip
Missiles
 k - 3 boomerangs
 l - 53 stones (quivered)
Armour
 b - a +0 scale mail
 c - a +0 buckler (worn)
 e - the +0 helmet "Mumoih" (worn) {rElec rN++}
   (You took it off Robin on level 2 of the Dungeon)

   rElec:     It insulates you from electricity.
   rN:        It greatly protects you from negative energy.
 j - a +0 helmet
 s - a +0 plate armour (worn)
Jewellery
 f - a ring of magical power
Potions
 d - a potion of might
 h - a potion of invisibility
 m - a potion of ambrosia {unknown}
 n - a potion of attraction {unknown}
 q - 3 potions of heal wounds {unknown}


   Skills:
 + Level 4.1 Fighting
 + Level 4.8 Maces & Flails
 + Level 1.5 Throwing
 + Level 4.6 Armour
 + Level 0.5 Dodging
 + Level 4.0 Shields


You had 5 spell levels left.
You didn't know any spells.
Your spell library contained the following spells:

 Spells                   Type           Power      Damage    Failure   Level
 Gell's Gravitas          Tloc           0%         N/A       100%        3
 Lesser Beckoning         Tloc           0%         N/A       100%        3
 Teleport Other           Tloc           0%         N/A       100%        3


Dungeon Overview and Level Annotations

Branches:
Dungeon (4/15)
 Temple: D:4-7

Altars:


Innate Abilities, Weirdness & Mutations

You are immune to sickness and miasma.
Your stone body is resilient. (AC +4)
You are immune to poison.
You resist negative energy. (rN+)
You are resistant to electric shocks. (rElec)
You are resistant to unholy torment.
You are immune to petrification.


Message History

The black bear bites you but does no damage.
The black bear claws you but does no damage. x2
The killer bee stings you.
You hit the black bear but do no damage.
The black bear is heavily wounded.
The killer bee barely misses you. The yak gores you but does no damage.
The black bear bites you.
The black bear claws you but does no damage.
You block the black bear's attack. You block the killer bee's attack.
You barely miss the black bear.
The black bear is heavily wounded.
The killer bee stings you but does no damage.
The yak barely misses you. The black bear closely misses you. x2
You block the black bear's attack. The killer bee barely misses you.
The yak gores you!
You sock the black bear!
The black bear is almost dead.
The killer bee barely misses you.
The black bear goes berserk!
The killer bee stings you. The yak gores you but does no damage.
The black bear barely misses you. You block the black bear's attack.
The black bear barely misses you.
Unknown command.
Found an encrusted gold wand.
The killer bee stings you. You block the killer bee's attack.
The black bear bites you but does no damage.
The black bear barely misses you.
The black bear claws you but does no damage.
The killer bee stings you!
* * * LOW HITPOINT WARNING * * *
The killer bee stings you but does no damage.
The black bear closely misses you. You block the black bear's attack.
The black bear claws you but does no damage.
An ogre comes into view. It is wielding a +0 giant club.
The ogre shouts!
The killer bee stings you but does no damage.
The black bear bites you but does no damage.
The black bear completely misses you.
The black bear claws you but does no damage.
The killer bee stings you.
You die...

####++####
#........##
..........##
...........##
............##
.............##
.......@......#
.......y.h....#
...♣O.♣..Y....#
....##........#
... #........#
.. ♣/[♣.......#
. ............#
....(.......#
...........##


You could see a yak, a black bear (berserk), an ogre and a killer bee.

Vanquished Creatures
  A jelly (D:3)
  Terence (D:2)
  Natasha (thrice) (D:2)
  An iguana (D:3)
  Robin (D:2)
  4 gnolls (D:2)
  9 adders
  2 worms
  A dart slug (D:2)
  4 orcs (D:3)
  5 ball pythons
  5 endoplasms
  A giant cockroach (D:3)
  14 goblins
  12 hobgoblins
  12 kobolds
  A quokka (D:2)
  7 bats
  3 frilled lizards
  2 rats (D:1)
89 creatures vanquished.

Vanquished Creatures (others)
  A plant (D:4)
1 creature vanquished.

Grand Total: 90 creatures vanquished

Notes
Turn   | Place    | Note
-------+----------+-------------------------------------------
     0 | D:1      | funkygono the Gargoyle Fighter began the quest for the Orb.
     0 | D:1      | Reached XP level 1. HP: 14/14 MP: 1/1
   260 | D:1      | Reached XP level 2. HP: 13/19 MP: 2/2
   943 | D:1      | Reached XP level 3. HP: 23/23 MP: 3/3
  1460 | D:2      | Reached XP level 4. HP: 28/28 MP: 4/4
  1617 | D:2      | Noticed Terence
  1624 | D:2      | Killed Terence
  1625 | D:2      | Reached XP level 5. HP: 31/33 MP: 5/5
  1963 | D:3      | Noticed Natasha
  1980 | D:2      | Killed Natasha
  1981 | D:2      | Reached skill level 1 in Throwing
  2160 | D:2      | Noticed Natasha
  2174 | D:2      | Killed Natasha
  2263 | D:2      | Noticed Natasha
  2272 | D:2      | Killed Natasha
  2273 | D:2      | Reached XP level 6. HP: 29/38 MP: 6/6
  2297 | D:3      | Found a faded altar of an unknown god.
  2600 | D:3      | Identified the +0 helmet "Mumoih" {rElec rN++}
  2600 | D:3      | Noticed Robin
  2645 | D:2      | Killed Robin
  3260 | D:4      | You fall into a shaft and drop 1 floor!
  3260 | D:5      | Entered Level 5 of the Dungeon
  3260 | D:5      | Noticed a yak
  3260 | D:5      | Noticed a black bear
  3273 | D:5      | Slain by a killer bee

Illustrated notes

Levels and vault maps discovered:
D:1:      lightli_arrival_quake, layout_loops_corners
D:2:      layout_basic, uniq_terence
D:3:      layout_rooms, basic_ecumenical_altar, uniq_natasha, uniq_robin
D:4:      layout_loops_cross, corexii_shack
D:5:      kennysheep_big_flooded_room, layout_basic,
          mainiacjoe_overflow_catwalk, serial_shops, shop, shop,
          nicolae_shop_clearance

Skill      XL: |  1  2  3  4  5  6 |
---------------+-------------------+-----
Maces & Flails | 3 4 |  4.8
Armour         | 4 |  4.6
Throwing       | 1 |  1.5
Fighting       | 4 |  4.1
Shields        | 4 |  4.0
Dodging        | |  0.5

Action                   |  1- 3 |  4- 6 || total
-------------------------+-------+-------++-------
Melee: Flail             |   107 |   221 ||   328
Throw: Boomerang         |     5 |       ||     5
       Stone             |    12 |    33 ||    45
  Use: Scroll            |     7 |     1 ||     8
Armor: Scale mail        |    44 |       ||    44
       Plate armour      |    36 |   213 ||   249
Dodge: Dodged            |    37 |   106 ||   143
Block: Buckler           |    26 |    64 ||    90
